 Dungeon Crawl Stone Soup version 0.27.1-34-g3ba077fa99 (webtiles) character file.

Game seed: 14359248332067464625

54 fishdoom the Skirmisher (level 3, -2/29 HPs)
             Began as a Demonspawn Abyssal Knight on Jan 21, 2022.
             Was a Believer of Lugonu.
             Killed by divine providence
             ... invoked by an orc priest
              (13 damage)
             ... on level 3 of the Dungeon.
             The game lasted 00:04:55 (2437 turns).

fishdoom the Skirmisher (Demonspawn Abyssal Knight) Turns: 2437, Time: 00:04:55

Health: -2/29      AC:  5    Str: 13    XL:     3   Next: 66%
Magic:  4/4        EV: 10    Int: 13    God:    Lugonu [**....]
Gold:   78         SH:  0    Dex: 12    Spells: 2/2 levels left

rFire    . . .     SeeInvis .   a - +1 hand axe
rCold    . . .     Faith    .   (no shield)
rNeg     . . .     Spirit   .   o - +0 ring mail
rPois    .         Reflect  .   (no helmet)
rElec    .         Harm     .   (no cloak)
rCorr    .         Rampage  .   (no gloves)
Will     .....                  (no boots)
Stlth    +.........             (no amulet)
HPRegen  0.09/turn              (no ring)
MPRegen  0.09/turn              (no ring)

@: lethally poisoned (-2 -> -3)
A: demonic guardian 1, powered by death 1
a: Renounce Religion, Depart the Abyss, Bend Space


You were on level 3 of the Dungeon.
You worshipped Lugonu.
Lugonu was pleased with you.
You visited 1 branch of the dungeon, and saw 3 of its levels.
You visited the Abyss 1 time.

You collected 78 gold pieces.

Inventory:

Hand Weapons
 a - a +1 hand axe (weapon)
Armour
 b - a +0 leather armour
 k - a +0 tower shield
 o - a +0 ring mail (worn)
Jewellery
 e - an amulet of magic regeneration
 f - an amulet of faith
Scrolls
 c - a scroll of fear
 d - a scroll of amnesia {unknown}
 g - a scroll of teleportation {unknown}
 h - 3 scrolls of identify {unknown}
 i - a scroll of silence
 n - a scroll of blinking {unknown}
Potions
 j - 2 potions of curing {unknown}
 l - 2 potions of degeneration {unknown}
 m - a potion of lignification {unknown}


   Skills:
 - Level 3.2 Fighting
 * Level 3.2 Axes
 - Level 1.9 Armour
 - Level 1.1 Dodging
 - Level 0.1 Stealth
 + Level 2.5 Invocations


You had 2 spell levels left.
You didn't know any spells.
Your spell library was empty.

Dungeon Overview and Level Annotations

Branches:
Dungeon (3/15)

Altars:


Innate Abilities, Weirdness & Mutations

A weak demonic guardian rushes to your aid.
You regenerate a little health from kills.


Message History

HP restored.
Found a scroll labelled SOL OCSATHEG.
Your hearing returns.
h - 3 scrolls labelled SOL OCSATHEG (gained 1)
An orc comes into view.
It is wielding a +1 short sword of venom.
The orc shouts!
An orc comes into view. It is wielding a +0 dagger.
An orc comes into view. It is wielding a +0 club.
Okay, then.
You don't know any spells.
An orc comes into view. It is wielding a +0 club.
Found a stone staircase leading down.
The orc shouts! x3
An orc priest comes into view. It is wielding a +0 dagger.
The orc priest shouts!
The orc hits you with a +1 short sword of venom.
You are poisoned.
You closely miss the orc.
You feel very sick.
You hit the orc but do no damage.
You feel sick.
You hit the orc.
The orc is heavily wounded.
You feel sick. The orc hits you with a +0 club.
The orc hits you but does no damage.
You barely miss the orc.
The orc is heavily wounded.
You feel sick. The orc barely misses you.
You hit the orc.
The orc is almost dead.
You hit the orc but do no damage.
You feel sick. The orc hits you but does no damage. The orc closely misses you.
The orc hits you but does no damage.
You completely miss the orc. You closely miss the orc.
You feel sick. The orc hits you with a +0 club.
The orc hits you with a +0 dagger.
You hit the orc but do no damage.
The orc is almost dead.
You hit the orc.
You feel sick.
The orc priest invokes the aid of Beogh against you.
Beogh smites you!
You die...

#. #.# ####.## #.....# #
#.....##.. P
######........ ..♣
#...#......####o..P♣
#...#......o@ooo...♣
#.###...#.......####....
#.........#####.# .
....#..### #.# .
#...######>#
##.........# #.###...###
####.#...#.# #........#
.


You could see an orc priest and 4 orcs.

Vanquished Creatures
  2 worms (D:2)
  A dart slug (D:1)
  2 ball pythons (D:2)
  6 endoplasms
  2 giant cockroaches
  A goblin (D:1)
  6 hobgoblins
  3 quokkas
  2 bats
  3 frilled lizards
  3 kobolds
  3 rats (D:2)
34 creatures vanquished.

Vanquished Creatures (collateral kills)
  An adder (D:2)
1 creature vanquished.

Grand Total: 35 creatures vanquished

Notes
Turn   | Place    | Note
-------+----------+-------------------------------------------
     0 | Abyss:1  | fishdoom the Demonspawn Abyssal Knight began the quest for
                  | the Orb.
     0 | Abyss:1  | Reached XP level 1. HP: 18/18 MP: 2/2
    23 | Abyss:1  | Noticed a starcursed mass
    42 | Abyss:1  | Found a corrupted altar of Lugonu.
    44 | D:1      | Escaped the Abyss
   462 | D:1      | Gained mutation: You regenerate a little health from kills.
                  | [demonic ancestry]
   462 | D:1      | Reached XP level 2. HP: 24/24 MP: 3/3
   473 | D:1      | Reached skill level 1 in Dodging
   688 | D:1      | Found a faded altar of an unknown god.
   918 | D:1      | Reached ** piety under Lugonu
  1337 | D:2      | Gained mutation: A weak demonic guardian rushes to your
                  | aid. [demonic ancestry]
  1337 | D:2      | Reached XP level 3. HP: 9/29 MP: 4/4
  2437 | D:3      | Killed from afar by an orc priest

Illustrated notes

Levels and vault maps discovered:
D:1:      dpeg_arrival_fog, layout_rooms, ebering_ecumenical_altar_hall,
          feat_on_display
D:2:      layout_basic
D:3:      layout_rooms, zin_statuary, biasface_ghost_orc_armoury,
          kennysheep_boxes

Skill      XL: |  1  2  3 |
---------------+----------+-----
Axes           | 2 3 |  3.2
Dodging        | 1 |  1.1
Fighting       | |  3.2
Armour         | |  1.9
Stealth        | |  0.1
Invocations    | |  2.5

Action                   || total
-------------------------++-------
Melee: Hand axe          ||   122
  Use: Scroll            ||     2
 Stab: Sleeping          ||     1
Armor: Leather armour    ||    20
       Ring mail         ||    20
Dodge: Dodged            ||    73
